 Dungeon Crawl Stone Soup version 0.20.1-1-g8b1a95d (webtiles) character file.

109 pstr the Stinger (level 4, -7/32 HPs)
             Began as a Naga Venom Mage on Dec 5, 2017.
             Was an Initiate of Hepliaklqana.
             Mangled by a crimson imp
             ... wielding a +0 dagger of chaos
              (19 damage)
             ... on level 3 of the Dungeon.
             The game lasted 00:09:37 (3413 turns).

pstr the Stinger (Naga Venom Mage)                  Turns: 3413, Time: 00:09:39

Health: -7/32      AC:  3    Str: 11    XL:     4   Next: 90%
Magic:  12/17      EV: 10    Int: 16    God:    Hepliaklqana [......]
Gold:   130        SH:  0    Dex: 11    Spells: 5/8 levels left

rFire    + . .     SeeInvis +   s - -1 short sword (curse)
rCold    + . .     Gourm    .   (no shield)
rNeg     . . .     Faith    .   a - +0 robe
rPois    +         Spirit   .   (no helmet)
rElec    .         Reflect  .   u - scarf {rC+ rF+}
rCorr    .         Harm     .   l - +0 pair of gloves
MR       .....                  (no barding)
Stlth    ++........             (no amulet)
Regen    0.1/turn               f - ring of magical power
MPRegen  0.2/turn               (no ring)

@: lethally poisoned (-7 -> -8), very slow
A: reduced essence, see invisible, deformed body, poison resistance, slowness 2,
slow metabolism 1, spit poison 1, AC +1
a: Spit Poison, Recall Ancestor, Ancestor Identity, Renounce Religion


You were on level 3 of the Dungeon.
You worshipped Hepliaklqana.
Hepliaklqana was noncommittal.
You were not hungry.

You visited 1 branch of the dungeon, and saw 3 of its levels.

You collected 130 gold pieces.

Inventory:

Hand Weapons
 q - a +0 club
 s - a cursed -1 short sword (weapon)
Missiles
 k - 61 stones (quivered)
Armour
 a - a +0 robe (worn)
 h - a +0 ring mail
 l - a +0 pair of gloves (worn)
 u - a scarf of resistance (worn)
 w - a +0 leather armour
Jewellery
 f - a ring of magical power (left hand)
Scrolls
 d - 2 scrolls of remove curse {unknown}
 e - 2 scrolls of magic mapping {unknown}
 o - 3 scrolls of fog {unknown}
 v - a scroll of immolation {unknown}
Potions
 g - a potion of ambrosia {unknown}
 i - 2 potions of heal wounds {unknown}
 j - 2 potions of flight {unknown}
 n - a potion of cancellation {unknown}
 p - a potion of resistance {unknown}
 r - a potion of haste {unknown}
 t - a potion of might {unknown}
Books
 b - a Young Poisoner's Handbook

   Spells                             Type                      Level
   a - Sting                          Conjuration/Poison           1
   b - Poisonous Vapours              Poison/Air                   2
   c - Mephitic Cloud                 Conjuration/Poison/Air       3
   d - Olgreb's Toxic Radiance        Poison                       4
   e - Venom Bolt                     Conjuration/Poison           5
Comestibles
 c - 3 bread rations
 m - a meat ration


   Skills:
 + Level 0.2 Fighting
 + Level 1.9 Dodging
 + Level 3.7 Stealth
 + Level 2.9 Spellcasting
 + Level 1.9 Conjurations
 + Level 5.3 Poison Magic


You had 5 spell levels left.
You knew the following spells:

 Your Spells              Type           Power        Failure   Level  Hunger
a - Sting                 Conj/Pois      ##..         4%          1    #......
b - Poisonous Vapours     Pois/Air       ##....       10%         2    ##.....


Dungeon Overview and Level Annotations

Branches:
Dungeon (3/15)

Altars:
Ashenzari
Hepliaklqana
Makhleb
Nemelex Xobeh
Xom
Zin

Shops:
D:2 *


Innate Abilities, Weirdness & Mutations

You cannot wear boots.
Your serpentine skin is tough. (AC +1)
You have supernaturally acute eyesight. (SInv)
Armour fits poorly on your strangely shaped body.
Your system is resistant to poisons. (rPois)
You cover ground very slowly.
You have a slow metabolism.
You can spit poison.
Your life essence is reduced to manifest your ancestor. (-10% HP)


Message History

You hit the crimson imp.
The crimson imp is moderately wounded.
The crimson imp hits you with a dagger of chaos.
You closely miss the crimson imp.
The crimson imp is moderately wounded.
The crimson imp hits you but does no damage.
You hit the crimson imp.
The crimson imp is moderately wounded.
You feel sick.
The crimson imp hits you but does no damage. x2
You miss the crimson imp.
The crimson imp is moderately wounded.
The crimson imp hits you with a dagger of chaos.
You closely miss the crimson imp.
The crimson imp is lightly wounded.
The crimson imp puffs mist at you.
The crimson imp hits you with a dagger of chaos.
You are electrocuted!
Ouch! That really hurt!
You die...

### ##.## ########.#R##
#.......###.#
#############.######.#R##
#_..#...>.....# ###.##
#...'.######### #...#
#_..#..5@R.########.>.###
#############..#....#........
#..............#.##.#........
#.##.##..##...)..##.........#
#.##.##...................###
##.##.##.........#####.....#
# ####.................#
#..#### #
...................#.# #..# #
####..##.#.....##..#.# #..# #


You could see the friendly Jaydra the ancestor and a crimson imp.

Vanquished Creatures
  6 adders
  3 worms (D:2)
  A dart slug (D:1)
  2 leopard geckos
  4 orcs (D:3)
  A ball python (D:3)
  3 giant cockroaches
  5 hobgoblins
  2 quokkas (D:2)
  6 bats
  2 frilled lizards (D:1)
  2 goblins
  3 kobolds
  2 rats (D:1)
42 creatures vanquished.

Notes
Turn   | Place    | Note
-------+----------+-------------------------------------------
     0 | D:1      | pstr the Naga Venom Mage began the quest for the Orb.
     0 | D:1      | Reached XP level 1. HP: 15/15 MP: 3/3
   252 | D:1      | Reached XP level 2. HP: 22/22 MP: 1/5
   855 | D:2      | Reached XP level 3. HP: 23/28 MP: 0/6
  1018 | D:1      | Learned a level 2 spell: Poisonous Vapours
  1744 | D:2      | Reached skill level 5 in Poison Magic
  2025 | D:2      | Reached XP level 4. HP: 32/36 MP: 0/7
  2529 | D:2      | Found Zin's Purification Station.
  2532 | D:2      | Found a glowing silver altar of Zin.
  2927 | D:3      | Found a shattered altar of Ashenzari.
  3317 | D:3      | Found a sparkling altar of Nemelex Xobeh.
  3317 | D:3      | Found a hazy altar of Hepliaklqana.
  3324 | D:3      | Became a worshipper of Hepliaklqana the Forgotten
  3390 | D:3      | Found a burning altar of Makhleb.
  3390 | D:3      | Found a shimmering altar of Xom.
  3413 | D:3      | Mangled by a crimson imp

Skill      XL: |  1  2  3 |
---------------+----------+-----
Poison Magic   | 5 |  5.3
Fighting       | |  0.2
Dodging        | |  1.9
Stealth        | |  3.7
Spellcasting   | |  2.9
Conjurations   | |  1.9

Action                   |  1- 3 |  4- 6 || total
-------------------------+-------+-------++-------
Melee: Unarmed           |     3 |       ||     3
       Short sword       |       |     8 ||     8
 Cast: Sting             |    71 |    63 ||   134
 Abil: Spit Poison       |     5 |     3 ||     8
  Eat: Chunk             |     3 |     4 ||     7
Armor: Robe              |    30 |    15 ||    45
Dodge: Dodged            |    43 |    20 ||    63
